 Dungeon Crawl Stone Soup version 0.28-a0-863-g8cecda6153 (webtiles) character file.

Game seed: 4673482314564773293

20656 nomicflux the Arsonist (level 12, -6/106 HPs)
             Began as a Grey Draconian Fire Elementalist on Nov 14, 2021.
             Was a Priest of Vehumet.
             Mangled by a boulder beetle (20 damage)
             ... on level 8 of the Dungeon on Nov 18, 2021.
             The game lasted 00:58:25 (17541 turns).

nomicflux the Arsonist (DrFE)                      Turns: 17541, Time: 00:58:25

Health: -6/106     AC: 17    Str: 12    XL:     12   Next: 47%
Magic:  10/22      EV: 12    Int: 20    God:    Vehumet [***...]
Gold:   382        SH:  0    Dex: 11    Spells: 14/24 levels left

rFire   . . .      SeeInvis .   x - +0 quarterstaff
rCold   . . .      Faith    .   (shield currently unavailable)
rNeg    . . .      Spirit   .   (armour unavailable)
rPois   .          Reflect  .   (helmet restricted)
rElec   .          Harm     .   (no cloak)
rCorr   .          Rampage  .   (no gloves)
Will    .....                   (no boots)
Stlth   ++........              v - amulet of the acrobat
HPRegen 0.27/turn               m - ring of wizardry
MPRegen 0.18/turn               q - +4 ring of protection

@: no status effects
A: AC +13, amphibious, unfitting armour, cold-blooded
a: Renounce Religion


You were on level 8 of the Dungeon.
You worshipped Vehumet.
Vehumet was most pleased with you.
You visited 3 branches of the dungeon, and saw 13 of its levels.

You collected 623 gold pieces.
You spent 241 gold pieces at shops.

Inventory:

Hand Weapons
 b - a +4 dagger
 l - a +3 dagger of chaos
 n - a +2 dagger of venom
 o - a +2 mace of venom
 x - a +0 quarterstaff (weapon)
 C - a +0 whip of electrocution
 H - a +0 shortbow
 Q - a +2 vorpal halberd
Missiles
 I - 79 arrows
 O - 4 throwing nets
Armour
 a - a +1 buckler
 N - a +0 hat
Jewellery
 m - a ring of wizardry (left hand)
 p - a +6 ring of dexterity
 q - a +4 ring of protection (right hand)
 v - an amulet of the acrobat (around neck)
 K - an amulet of faith
Wands
 h - a wand of flame (18)
 u - a wand of polymorph (20)
 w - a wand of charming (3)
 B - a wand of digging (1)
 J - a wand of paralysis (6)
 R - a wand of mindburst (15)
Scrolls
 d - a scroll of blinking
 e - a scroll of enchant armour
 g - a scroll of torment
 s - 4 scrolls of teleportation
 y - 2 scrolls of enchant weapon
 z - a scroll of holy word
 D - a scroll of noise
 E - a scroll of amnesia
 L - a scroll of magic mapping
Potions
 c - 4 potions of flight
 f - 2 potions of berserk rage
 i - 3 potions of lignification
 j - a potion of haste
 k - a potion of mutation
 r - 6 potions of curing
 t - 3 potions of attraction
 A - a potion of might
 G - a potion of cancellation {unknown}
 M - a potion of invisibility {unknown}


   Skills:
 + Level 9.7 Fighting
 - Level 7.0 Staves
 + Level 3.4 Dodging
 - Level 1.7 Stealth
 - Level 4.0 Shields
 + Level 6.7 Spellcasting
 + Level 10.8 Conjurations
 + Level 11.5 Fire Magic


You had 14 spell levels left.
You knew the following spells:

 Your Spells              Type           Power      Damage    Failure   Level
a - Foxfire               Conj/Fire      100%       2x1d9     1%          1
b - Scorch                Fire           100%       2d10      1%          2
c - Conjure Flame         Conj/Fire      51%        6-21      1%          3
d - Flame Wave            Conj/Fire      51%        3d10      1%          4

Your spell library contained the following spells:

 Spells                   Type           Power      Damage    Failure   Level
 Static Discharge         Conj/Air       28%        N/A       1%          2
 Shock                    Conj/Air       100%       1d9       1%          1
 Poisonous Vapours        Pois/Air       12%        N/A       1%          2
 Inner Flame              Hex/Fire       29%        N/A       1%          3
 Hailstorm                Conj/Ice       28%        3d8       1%          4
 Corpse Rot               Necr/Air       12%        N/A       6%          2
 Airstrike                Air            3%         N/A       11%         4
 Swiftness                Air            6%         N/A       12%         3
 Ice Form                 Ice/Tmut       6%         N/A       34%         4
 Simulacrum               Ice/Necr       3%         N/A       99%         6


Dungeon Overview and Level Annotations

Branches:
Dungeon (11/15)            Temple (1/1) D:5             Orc (1/2) D:10
   Lair: D:8-11

Altars:
Ashenzari
Cheibriados
Dithmenos
Elyvilon
Fedhas
Gozag
Hepliaklqana
Kikubaaqudgha
Makhleb
Nemelex Xobeh
Okawaru
Qazlal
Ru
Sif Muna
Trog
Uskayaw
Vehumet
Wu Jian
Xom
Yredelemnul
Zin
The Shining One

Shops:
D:3 =   D:4 [   D:5 *   D:8 ?

Portals:
Trove: D:10 (give +4 ice dragon scales)

Annotations:
D:8 2 runed translucent doors


Innate Abilities, Weirdness & Mutations

Your dull iron-grey scales are very hard. (AC +13)
You are amphibious.
You cannot fit into any form of body armour.
You are cold-blooded and may be slowed by cold attacks.


Message History

Flames lash the boulder beetle.
The boulder beetle is severely wounded.
The boulder beetle's fire resistance burns away.
The efreet hits you with a +1 scimitar of flaming.
The efreet burns you.
Casting: Scorch (safe; 1% risk of failure)
Confirm with . or Enter, or press ? or * to list all spells.
Casting: Flame Wave (safe; 1% risk of failure)
Press: ? - help, Dir - look around, f - activate A wave of flame ripples out!
The flame wave engulfs the efreet.
The efreet completely resists.
The flame wave engulfs the boulder beetle but does no damage.
The boulder beetle is severely wounded. (Press . to intensify the flame waves.)
The boulder beetle bites you!
* * * LOW HITPOINT WARNING * * *
The efreet misses you.
As you read the scroll of fear, it crumbles to dust.
You assume a fearsome visage.
The efreet resists with some effort.
The boulder beetle looks frightened!
The boulder beetle leaps!
The efreet closely misses you.
The boulder beetle leaps!
The boulder beetle leaps!
The efreet gestures at you. The bolt of fire misses you.
There is an open door here.
The boulder beetle is no longer more vulnerable to fire.
The boulder beetle leaps!
The boulder beetle seems to regain its courage.
The boulder beetle curls into a ball and begins rolling!
The efreet gestures at you.
The fireball explodes!
The fireball engulfs you!
* * * LOW HITPOINT WARNING * * *
Blink to where?
Press: ? - help, Dir - move target
As you read the scroll of blinking, it crumbles to dust.
There is a stone staircase leading down here.
The boulder beetle stops rolling and uncurls.
The boulder beetle bites you!!
You die...

###########...#
#.#.########.##
.............######.####
#..#
.................#.....#
##.#
##########..####.#####.#
#.. #...# #)#...#.# ##.
#...###.#.#.#.# #.
##...##.#.#.#.# ######.
#...##.#.#.#.####...###
##..°B@....#..##.....##
#.°##.#...#..#.......'
##○##.###.#..#...∩...'
#°.#.# #....#.......'
##○#.# #######.....##
#°..##### ##...##
##......# ##### #.####.#
#..# #.#


You could see a boulder beetle.

Vanquished Creatures
  Gastronok (D:10)
  Harold (D:10)
  A centaur warrior (D:8)
  A boulder beetle (D:9)
  Erica (D:8)
  9 two-headed ogres
  A skeletal warrior (D:8)
  Pikel (D:7)
  2 ugly things
  2 cyclopes
  2 unseen horrors (D:10)
  Psyche (D:8)
  Maggie (D:7)
  A kobold demonologist (D:6)
  3 trolls (D:9)
  A hornet (D:9)
  Grinder (D:3)
  Prince Ribbit (D:5)
  A wraith (D:9)
  7 yaks
  5 wyverns
  3 steam dragons (D:9)
  An acid dragon (D:8)
  A water moccasin (D:7)
  A floating eye (D:9)
  8 orc warriors
  A sky beast (D:7)
  A necrophage (D:6)
  4 black bears
  3 ogres
  5 centaurs
  2 phantoms
  4 bullfrogs
  2 scorpions
  A kobold brigand (D:9)
  A gnoll sergeant (D:5)
  A water moccasin zombie (D:6)
  9 killer bees
  A wight (D:9)
  4 howler monkeys
  3 jellies
  4 centaur zombies
  2 gnoll shamans
  2 hounds
  6 orc priests
  An iguana (D:4)
  2 centaur skeletons
  7 orc wizards
  A howler monkey zombie (D:9)
  Robin (D:2)
  10 gnolls
  2 howler monkey skeletons
  An adder (D:5)
  A white imp (D:7)
  2 worms
  3 dart slugs
  36 orcs
  4 endoplasms
  2 giant cockroaches
  13 goblins
  13 hobgoblins
  10 kobolds
  3 quokkas
  10 ball pythons
  5 bats
  2 frilled lizards
  5 rats
248 creatures vanquished.

Vanquished Creatures (others)
  344 foxfires
  A plant (D:5)
345 creatures vanquished.

Grand Total: 593 creatures vanquished

Notes
Turn   | Place    | Note
-------+----------+-------------------------------------------
     0 | D:1      | nomicflux the Draconian Fire Elementalist began the quest
                  | for the Orb.
     0 | D:1      | Reached XP level 1. HP: 14/14 MP: 3/3
   394 | D:1      | Reached XP level 2. HP: 20/20 MP: 1/5
   397 | D:1      | Learned a level 2 spell: Scorch
   584 | D:1      | Found a faded altar of an unknown god.
  1511 | D:2      | Reached XP level 3. HP: 24/26 MP: 1/6
  1593 | D:2      | Learned a level 3 spell: Conjure Flame
  2343 | D:3      | Noticed Robin
  2515 | D:3      | Found Pamuro Ocig's Jewellery Shoppe.
  2536 | D:3      | Reached XP level 4. HP: 33/33 MP: 3/7
  2660 | D:2      | Reached skill level 4 in Fire Magic
  3101 | D:3      | Reached XP level 5. HP: 38/38 MP: 6/8
  3142 | D:2      | Killed Robin
  3888 | D:3      | Reached skill level 1 in Fighting
  3920 | D:3      | Found a bloodstained altar of Trog.
  3935 | D:3      | Noticed Grinder
  3947 | D:3      | Killed Grinder
  3948 | D:3      | Reached skill level 5 in Fire Magic
  3948 | D:3      | Reached XP level 6. HP: 45/50 MP: 1/9
  3954 | D:3      | Learned a level 4 spell: Flame Wave
  4152 | D:4      | Found Nusioss's Armour Shop.
  4705 | D:4      | Your scales start taking on a dull iron-grey colour.
  4705 | D:4      | Reached XP level 7. HP: 57/57 MP: 4/10
  5134 | D:5      | Entered Level 5 of the Dungeon
  5134 | D:5      | Found Qalin's General Store.
  5367 | D:5      | Reached skill level 5 in Conjurations
  5585 | D:5      | Reached skill level 6 in Fire Magic
  5753 | D:5      | Noticed Prince Ribbit
  5763 | D:5      | Killed Prince Ribbit
  5764 | D:5      | Reached XP level 8. HP: 67/67 MP: 2/12
  5929 | D:5      | Found a staircase to the Ecumenical Temple.
  5936 | Temple   | Entered the Ecumenical Temple
  6238 | Temple   | Became a worshipper of Vehumet
  6753 | D:5      | Bought 2 potions of curing for 66 gold pieces
  6995 | D:5      | Reached skill level 5 in Fighting
  7615 | D:6      | Reached skill level 7 in Fire Magic
  8258 | D:7      | Noticed Maggie
  8395 | D:7      | Reached XP level 9. HP: 53/74 MP: 8/16
  8423 | D:7      | Killed Maggie
  8424 | D:7      | Reached skill level 5 in Spellcasting
  8698 | D:7      | Noticed a kobold demonologist
  8716 | D:7      | Noticed a red devil
  8784 | D:7      | Noticed an ice devil
  8793 | D:6      | Killed a kobold demonologist
  8794 | D:6      | Reached skill level 8 in Fire Magic
  9633 | D:8      | Noticed Pikel
  9642 | D:7      | Killed Pikel
  9744 | D:8      | Noticed a two-headed ogre
  9774 | D:8      | Killed a two-headed ogre
  9775 | D:8      | Reached skill level 1 in Staves
  9775 | D:8      | Reached skill level 9 in Fire Magic
  9775 | D:8      | Reached XP level 10. HP: 76/81 MP: 7/19
  9788 | D:8      | Reached * piety under Vehumet
  9788 | D:8      | Offered knowledge of Shock by Vehumet.
 10153 | D:8      | Noticed Psyche
 10349 | D:8      | Killed Psyche
 10634 | D:8      | Noticed Erica
 10649 | D:8      | Killed Erica
 10757 | D:8      | Noticed a two-headed ogre
 10942 | D:8      | Found a runed translucent door.
 10942 | D:8      | Found a runed translucent door.
 10942 | D:8      | Noticed a cyclops
 10942 | D:8      | Noticed a centaur warrior
 10942 | D:8      | Noticed a brown ugly thing
 10943 | D:8      | Noticed a boulder beetle
 10944 | D:8      | Found a runed translucent door.
 11006 | D:8      | Noticed a two-headed ogre
 11008 | D:8      | Found Xoavaj's Magic Scroll Boutique.
 11197 | D:8      | Killed a two-headed ogre
 11293 | D:8      | Bought a scroll of noise for 10 gold pieces
 11293 | D:8      | Bought a scroll of amnesia for 35 gold pieces
 11293 | D:8      | Bought a scroll of blinking for 75 gold pieces
 11293 | D:8      | Bought a scroll of fear for 35 gold pieces
 11293 | D:8      | Bought a scroll of identify for 20 gold pieces
 11380 | D:9      | Noticed a skeletal warrior
 11520 | D:9      | Noticed a two-headed ogre
 11526 | D:9      | Noticed a cyclops
 11641 | D:8      | Killed a two-headed ogre
 11802 | D:8      | Upgraded the game from 0.28-a0-851-g8b9cc49659 to
                  | 0.28-a0-863-g8cecda6153
 12222 | D:8      | Killed a skeletal warrior
 12223 | D:8      | Reached skill level 10 in Fire Magic
 12810 | D:9      | Reached XP level 11. HP: 92/92 MP: 12/20
 12849 | D:9      | Noticed a two-headed ogre
 12917 | D:9      | Killed a two-headed ogre
 12918 | D:9      | Reached skill level 5 in Staves
 12918 | D:9      | Reached skill level 1 in Shields
 13381 | D:9      | Identified the +1 robe of the Alphagorgon {Will+}
 13779 | D:9      | Noticed a boulder beetle
 13991 | D:8      | Killed a two-headed ogre
 14184 | D:9      | Killed a boulder beetle
 14944 | D:9      | Noticed a two-headed ogre
 14947 | D:9      | Offered knowledge of Poisonous Vapours by Vehumet.
 14948 | D:9      | Noticed a two-headed ogre
 14965 | D:9      | Killed a two-headed ogre
 14965 | D:9      | Reached ** piety under Vehumet
 14968 | D:9      | Killed a two-headed ogre
 15075 | D:9      | Noticed a two-headed ogre
 15102 | D:9      | Killed a two-headed ogre
 15103 | D:9      | Reached skill level 10 in Conjurations
 15689 | D:10     | Entered Level 10 of the Dungeon
 15696 | D:10     | Noticed Gastronok
 15871 | D:10     | Noticed a two-headed ogre
 15914 | D:10     | Reached skill level 11 in Fire Magic
 16112 | D:10     | Found a staircase to the Orcish Mines.
 16142 | D:10     | Offered knowledge of Static Discharge by Vehumet.
 16143 | D:10     | Reached XP level 12. HP: 88/104 MP: 12/21
 16262 | Orc:1    | Entered Level 1 of the Orcish Mines
 16696 | D:10     | Killed Gastronok
 16696 | D:10     | Reached *** piety under Vehumet
 16708 | D:10     | Noticed Harold
 16760 | D:10     | Killed a two-headed ogre
 16924 | D:10     | Killed Harold
 17013 | D:10     | Found a portal to a secret trove of treasure.
 17511 | D:8      | Killed a centaur warrior
 17541 | D:8      | Mangled by a boulder beetle

Illustrated notes

Levels and vault maps discovered:
D:1:      minmay_arrival_cross, layout_basic,
          shapermc_ecumenical_altar_starsandcircs, fountainhead,
          hangedman_feature_mirror
D:2:      layout_loops_ring, minmay_misc_feat_four_crosses,
          kennysheep_generic_room_5
D:3:      layout_basic, mainiacjoe_overflow_alcove_4, serial_shops, shop,
          minmay_misc_feat_more_columns, uniq_grinder, uniq_robin
D:4:      layout_cave_pools, serial_shops, shop
D:5:      layout_gridville, minmay_temple_entry_nine_rooms, serial_shops,
          nicolae_stop_n_shop_2, saegor_snake_ambush, uniq_prince_ribbit1
D:6:      layout_basic, kb_lookout_dungeons_type
D:7:      layout_rooms, uniq_maggie
D:8:      minmay_the_grid_triangle_9x9_rhombus_full
          [minmay_the_grid_triangle_9x9_sparse_checkered,
          minmay_the_grid_triangle_9x9_pentomino_pain,
          minmay_the_grid_triangle_9x9_fully_insulated_deathbox,
          minmay_the_grid_triangle_9x9_shrine,
          minmay_the_grid_triangle_9x9_stretched_checkered,
          minmay_the_grid_triangle_9x9_sprig,
          minmay_the_grid_triangle_9x9_subtriangle,
          minmay_the_grid_triangle_9x9_prize_top_heavy], layout_basic,
          roderic_roman_lattice, kennysheep_windowed_goal, uniq_psyche,
          uniq_pikel, uniq_erica
D:9:      minmay_razor_zed, layout_stronghold, onia_ninara_cookie
D:10:     layout_rooms, david_orc_3, nicolae_trove_entry_isolated,
          serial_curves, eino_curves_04, eino_curves_02, uniq_harold,
          uniq_gastronok
D:11:     fort_yaktaur, layout_cave_pools, erik_lair_island,
          hangedman_incinerator
Temple:   mainiacjoe_temple_starburst
Orc:1:    layout_caves, gammafunk_ghost_split, basic_altar, abandoned_shop

Skill      XL: |  1  2  3  4  5  6  7  8  9 10 11 12 |
---------------+-------------------------------------+-----
Conjurations   | 2 3 4 5 6 7 9 10 | 10.8
Fire Magic     | 4 5 6 7 9 10 11 | 11.5
Fighting       | 2 3 4 5 7 9 |  9.7
Spellcasting   | 3 4 6 |  6.7
Staves         | 1 4 6 7 |  7.0
Shields        | 4 |  4.0
Dodging        | 3 |  3.4
Stealth        | |  1.7

Action                   |  1- 3 |  4- 6 |  7- 9 | 10-12 || total
-------------------------+-------+-------+-------+-------++-------
Melee: Unarmed           |     1 |     6 |       |       ||     7
       Dagger            |       |     3 |       |       ||     3
       Mace              |       |     1 |    16 |       ||    17
       Quarterstaff      |       |       |       |    51 ||    51
       Tailslap          |       |       |       |     4 ||     4
 Cast: Foxfire           |    50 |    69 |    66 |    16 ||   201
       Scorch            |    16 |    21 |    42 |   140 ||   219
       Flame Wave        |       |       |    24 |    56 ||    80
       Conjure Flame     |       |       |       |    14 ||    14
  Use: Scroll            |       |     6 |     7 |     6 ||    19
       Potion            |       |       |     2 |     5 ||     7
Armor: Skin              |    10 |    30 |    54 |    82 ||   176
Dodge: Dodged            |    26 |    29 |    91 |   189 ||   335

Table legend: (Time is in decaauts)
 A = Elapsed time spent in this place.
 B = Non-inter-level travel time spent in this place.
 C = Inter-level travel time spent in this place.
 D = Time resting spent in this place.
 E = Time spent auto-exploring this place.
 F = Levels seen in this place.
 G = Mean time per level.
                   A        B        C        D        E       F      G
               +--------+--------+--------+--------+--------+-----+--------+
         Total |  17583 |  16751 |    832 |   6498 |   6268 |  13 | 1352.5 |
       Dungeon |  16637 |  15843 |    794 |   6274 |   5726 |  11 | 1512.5 |
        Temple |    615 |    577 |     38 |      0 |    507 |   1 |  615.0 |
  Orcish Mines |    330 |    330 |      0 |    224 |     35 |   1 |  330.0 |
               +--------+--------+--------+--------+--------+-----+--------+

Top non-repeatable levels by time:
     D:8: 3678 daAuts
     D:9: 2777 daAuts
     D:2: 2066 daAuts
     D:5: 1398 daAuts
     D:7: 1148 daAuts
     D:1: 1147 daAuts
     D:3: 1140 daAuts
     D:4: 1120 daAuts
    D:10: 1083 daAuts
     D:6: 1057 daAuts
  Temple: 615 daAuts
   Orc:1: 330 daAuts
    D:11: 19 daAuts
